[Event "Late-Titled-Tuesday-Blitz-March-05-2024"]
[Site "Chess.com"]
[Date "2024.03.05"]
[Round "3"]
[White "Slovak_fighter2000"]
[Black "MeisterJabo"]
[Result "1-0"]
[WhiteElo "2630"]
[BlackElo "2457"]
[TimeControl "180+1"]
[EndTime "14:28:42 PST"]
[Termination "Slovak_fighter2000 won by resignation"]

1. c4 c5 2. Nc3 Nc6 3. Nf3 e5 4.
g3 g6 5. Bg2 d6 6. O-O Bg7 7.
Ne1 Be6 8. d3 Nge7 9. Nc2 d5 10.
cxd5 Nxd5 11. Bd2 O-O 12. a3 Rc8 13. Rc1 b6 14. Nxd5 Bxd5 15. Bxd5 Qxd5 16. Bc3 Nd4 17. Ne3 Qb3 18. Bxd4 Qxd1 19. Rfxd1 exd4 20. Nc4 Rc6 21. b4 Re8 22. Kf1 Kf8 23. bxc5 Rxc5 24. Nd6 Rxc1 25. Rxc1 Rd8 26. Rc8 Ke7 27. Rxd8 Kxd8 28. Nxf7+ Kd7 29. Ng5 b5 30. Ke1 Bf8 31. a4 bxa4 32. Kd1 h6 33. Nf3 Bg7 34. Kc2 Kc6 35.
Nh4 g5 36. Nf5 Bf8 37. Nxd4+ Kd5 38. Nf5 a5 39. f4 gxf4 40. gxf4 a3 41. Kb3 a4+ 42. Ka2 Bb4 43. e4+ Kc5 44. d4+ Kc4 45. d5 Bf8 46. d6 Kc5 47. d7 Kc6 48. d8=Q 1-0

[Event "Late-Titled-Tuesday-Blitz-March-05-2024"]
[Site "Chess.com"]
[Date "2024.03.05"]
[Round "3"]
[White "Kosak12"]
[Black "MFatigue"]
[Result "1-0"]
[WhiteElo "2798"]
[BlackElo "2512"]
[TimeControl "180+1"]
[EndTime "14:28:44 PST"]
[Termination "Kosak12 won on time"]

1. d4 d5 2. c4 c6 3. Nf3 Nf6 4. g3 dxc4 5. Bg2 b5 6. O-O Bb7 7. a4 e6 8. b3 cxb3 9. Qxb3 a6 10. Bb2 Be7 11. Ne5 O-O 12. Rc1 Nd5 13. Nd2 f6 14.
Nd3 Qd7 15. Ne4 Rc8 16. Ndc5 Bxc5 17. Nxc5 Qf7 18. e4 Nb6 19. a5 Nc4 20. Rxc4 bxc4 21.
Qxb7 Qxb7 22. Nxb7 Nd7 23. Nd6 Rcb8 24. Nxc4 Rb4 25.
Rc1 Rab8 26. Ba3 Rb1 27. Rxb1 Rxb1+ 28. Bf1 Rd1 29. Nb6 Nf8 30. Bc5 Kf7 31. Kg2 Ra1 32. Bb4 Rb1 33. Bc3 Rb3 34. Bd2 Rb2 35. Bf4 Ra2 36. Nc4 Nd7 37. Bc7 c5 38. d5 exd5 39.
exd5 Ke7 40. Nd6 Rd2 41. Nf5+ Kf7 42. Ne3 Rd4 43. Bxa6 g6 44. Bb5 Ke7 45. a6 Rd2 46. a7 Ra2 47. d6+ Ke8 48. Bb8 Kd8 49. Bc6 1-0

[Event "Late-Titled-Tuesday-Blitz-March-05-2024"]
[Site "Chess.com"]
[Date "2024.03.05"]
[Round "3"]
[White "Rud_2008"]
[Black "mishanick"]
[Result "1-0"]
[WhiteElo "2752"]
[BlackElo "3069"]
[TimeControl "180+1"]
[EndTime "14:28:45 PST"]
[Termination "Rud_2008 won on time"]

1. e4 c5 2. Nf3 d6 3. Bb5+ Bd7 4.
c4 Nc6 5. Nc3 e5 6. O-O Nge7 7. d3 Ng6 8. a3 Be7 9. Bxc6 Bxc6 10.
Ne1 O-O 11. Nc2 f5 12. exf5 Nh4 13. Ne3 Bg5 14. Qg4 Bf4 15. f6 Qxf6 16. Ned5 Qh6 17. Bxf4 exf4 18. Rae1 Kh8 19. Re6 g6 20. Rxd6 Rae8 21.
Ne4 Nf5 22. Rf6 Bxd5 23. Rxf8+ Rxf8 24. cxd5 b6 25. Ng5 Nd6 26. Re1 Qg7 27. Ne6 Qe7 28. Re2 f3 29. Re3 Rf5 30. Rxf3 Qf6 31.
Rxf5 Nxf5 32. Qf4 h5 33. h4 Qxb2 34. Qb8+ Kh7 35. Ng5+ Kh6 36. Qf8+ Qg7 37. Nf7+ Kh7 38. Ng5+ Kh6 39. Qb8 Nd4 40. d6 Ne2+ 41. Kh2 Qe5+ 42. g3 Qf6 43. Kg2 Qe5 44. Qf8+ 1-0

[Event "Late-Titled-Tuesday-Blitz-March-05-2024"]
[Site "Chess.com"]
[Date "2024.03.05"]
[Round "3"]
[White "kagg1125"]
[Black "YQPerez"]
[Result "1-0"]
[WhiteElo "2527"]
[BlackElo "2772"]
[TimeControl "180+1"]
[EndTime "14:28:45 PST"]
[Termination "kagg1125 won on time"]

1. e4 Nf6 2. e5 Nd5 3. d4 d6 4.
Nf3 dxe5 5. Nxe5 g6 6. Bd3 Bg7 7. O-O O-O 8. Re1 Nb4 9. Bf1 Bf5 10. Na3 N8c6 11. Nxc6 Nxc6 12. c3 e5 13. d5 Ne7 14.
c4 c6 15. d6 Nc8 16. c5 b6 17. Be3 bxc5 18. Bxc5 Re8 19. Nc4 Nb6 20. Na5 Qd7 21. Ba6 Rab8 22. b4 Be6 23. a3 Bd5 24. Rc1 Nc8 25.
Bc4 Nb6 26. Ba6 h5 27. Nc4 h4 28. h3 Qe6 29. Ne3 Bb3 30. Qf3 e4 31. Qe2 Rbd8 32.
Nc4 f5 33. Na5 Bd5 34. Nb7 f4 35. Nxd8 Rxd8 36. Bxb6 axb6 37. Bc4 Qxd6 38. Qxe4 Kh7 39. Bxd5 cxd5 40. Qe6 d4 41. Qxd6 Rxd6 42. Red1 b5 43. Rd3 Re6 44. Kf1 Kh6 45. Rc5 g5 46. f3 1-0

[Event "Late-Titled-Tuesday-Blitz-March-05-2024"]
[Site "Chess.com"]
[Date "2024.03.05"]
[Round "3"]
[White "SergioMoralesG"]
[Black "Yurovskykh_Oleksandr"]
[Result "0-1"]
[WhiteElo "2482"]
[BlackElo "2654"]
[TimeControl "180+1"]
[EndTime "14:28:46 PST"]
[Termination "Yurovskykh_Oleksandr won by resignation"]

1. d4 d5 2. c4 e6 3. Nf3 Nf6 4. Nc3 c5 5. e3 Nc6 6. cxd5 Nxd5 7. Bb5 Nxc3 8. bxc3 Bd7 9. O-O Be7 10. e4 cxd4 11. cxd4 O-O 12. d5 exd5 13. exd5 Na5 14. Be2 Bf5 15.
Nd4 Be4 16. Bf3 Bxd5 17. Nf5 Bxf3 18. Qxf3 Bf6 19. Rb1 b6 20. Rd1 Qc8 21. Ba3 Rd8 22. Rxd8+ Qxd8 23. Rd1 Qe8 24. Nd6 Qc6 25. Ne4 Re8 26. Rc1 Qe6 27. Nxf6+ Qxf6 28. Qxf6 gxf6 29. Kf1 b5 30. Rc7 Nc4 31. Bc1 a6 32. Rc6 Re6 33.
Rc8+ Kg7 34. h4 h5 35. g3 Rd6 36. Bf4 Rd1+ 37. Kg2 Ra1 38. g4 hxg4 39. h5 Rxa2 40. h6+ Kh7 41. Rf8 Ne5 42. Bxe5 fxe5 43. Kg3 Kxh6 44. Rxf7 Kg6 45. Rc7 Kf5 46. Rc6 b4 47. Kg2 a5 48. Rc8 b3 49. Rf8+ Ke4 50. Rb8 a4 51. Rb4+ Kd5 52. Kg3 b2 53. Kxg4 a3 54.
Kf5 Ra1 55. Rb5+ Kc4 56. Rb8 b1=Q+ 0-1

[Event "Late-Titled-Tuesday-Blitz-March-05-2024"]
[Site "Chess.com"]
[Date "2024.03.05"]
[Round "3"]
[White "Smiechu"]
[Black "WindWhistler11"]
[Result "0-1"]
[WhiteElo "2350"]
[BlackElo "2550"]
[TimeControl "180+1"]
[EndTime "14:28:50 PST"]
[Termination "WindWhistler11 won by resignation"]

1. e4 e6 2. d4 d5 3. Bd3 Nc6 4. e5 Nxd4 5. Nc3 Nc6 6. Nf3 f5 7. exf6 Nxf6 8. O-O Bd6 9. Re1 O-O 10. Bg5 Bd7 11.
Nb5 Be7 12. Nbd4 Qc8 13. Nxc6 bxc6 14. Ne5 Be8 15. c3 Rb8 16. Qc2 h6 17. Bh4 c5 18.
Bg6 Rb6 19. Re3 Bd6 20. Rae1 Bxe5 21. Rxe5 Bxg6 22. Qxg6 Qd7 23. b3 Qf7 24. Qxf7+ Kxf7 25. c4 c6 26. f3 Re8 27. Bg3 Rb4 28. R1e2 a5 29. Be1 Rb7 30. Bxa5 Nd7 31. R5e3 d4 32. Rd3 Ra8 33. Be1 Rba7 34. Rdd2 Nb8 35. a4 Rb7 36. Rb2 Na6 37. Re5 Rab8 38. b4 Nxb4 39. Bxb4 Rxb4 40. Ra2 Rxc4 41. a5 d3 42. Re3 Rd4 43. Re1 c4 44. a6 d2 45. Rd1 c3 46. a7 Ra8 47. Kf2 Kf6 48. Ke3 c5 49. Ke2 Rxa7 50. Ra6 Rxa6 0-1

[Event "Late-Titled-Tuesday-Blitz-March-05-2024"]
[Site "Chess.com"]
[Date "2024.03.05"]
[Round "3"]
[White "FMJoseHerrera"]
[Black "anasta10"]
[Result "1-0"]
[WhiteElo "2772"]
[BlackElo "2510"]
[TimeControl "180+1"]
[EndTime "14:28:51 PST"]
[Termination "FMJoseHerrera won by resignation"]

1. Nf3 Nf6 2. g3 g6 3. Bg2 Bg7 4. d3 O-O 5. Nc3 d5 6. h4 h5 7. Bg5 c5 8. Qd2 d4 9. Ne4 Nxe4 10. dxe4 Nc6 11. Bh6 Qa5 12. Qxa5 Nxa5 13. Bxg7 Kxg7 14. O-O-O b6 15. Ne5 f6 16. Nd3 Bb7 17. Nf4 Kf7 18. e3 e5 19. Nd5 Bxd5 20. exd5 Rac8 21. b3 Rfd8 22. f4 exf4 23. exd4 fxg3 24. dxc5 bxc5 25.
Rh3 c4 26. Kb2 cxb3 27. axb3 Rb8 28. Rd4 Nb7 29. Rxg3 Nd6 30. Rf3 f5 31. Ra4 Rb7 32. c4 Rc8 33. Rc3 Rc5 34. Kc2 a5 35. Kd3 Rbc7 36. Kd4 Kf6 37. Re3 Nb7 38. Re6+ Kf7 39.
Rb6 Nd8 40. d6 Ne6+ 41. Kc3 Rd7 42. Bd5 Kf6 43. b4 axb4+ 44. Kxb4 Rc8 45. Ra1 f4 46.
Re1 Nd4 47. Re4 Nf5 48. Re6+ Kg7 49. c5 f3 50. Bxf3 Nd4 51. Bd5 Rf8 52. Re4 Nf5 53.
Be6 Ra7 54. Bxf5 gxf5 55. Rd4 Kf6 56. c6 Ke5 57. Rd1 f4 58. d7 Rd8 59. Rb5+ Ke6 60.
Rxh5 f3 61. Rh6+ Ke5 62. Kc5 Ra2 63. c7 Rc2+ 64. Kb6 Rb2+ 65. Ka7 Ra2+ 66. Ra6 Rxa6+ 67. Kxa6 Rxd7 68. Rxd7 1-0

[Event "Late-Titled-Tuesday-Blitz-March-05-2024"]
[Site "Chess.com"]
[Date "2024.03.05"]
[Round "3"]
[White "finec2"]
[Black "HalfIsCrayfish"]
[Result "0-1"]
[WhiteElo "2213"]
[BlackElo "2534"]
[TimeControl "180+1"]
[EndTime "14:28:51 PST"]
[Termination "HalfIsCrayfish won by resignation"]

1. e4 f6 2. d4 g6 3. Nc3 Bg7 4. Bc4 Nh6 5. Nge2 e6 6. O-O Nf7 7. Be3 O-O 8. f4 c6 9. Bb3 d5 10. Qd2 f5 11. e5 Nd7 12. Nd1 Qe7 13. c3 b6 14. Nf2 Ba6 15. Rfe1 Rfc8 16. h3 c5 17. g4 Nh6 18. Ng3 cxd4 19. cxd4 Rc7 20. g5 Nf7 21. Rac1 Rac8 22. Rxc7 Rxc7 23. Rc1 Qd8 24.
Rxc7 Qxc7 25. Qc1 Qxc1+ 26. Bxc1 Bf8 27. Bd2 Nd8 28. Ba4 Nb8 29. a3 Kf7 30. h4 Bc4 31. b3 Ba6 32. b4 Bb7 33. h5 Bc6 34. Bd1 Bb5 35. Bc3 Ndc6 36. Kg2 Bc4 37. Kf3 a5 38. bxa5 bxa5 39. a4 Bb4 40. Bxb4 axb4 41. Ke3 Na6 42. Nd3 Ba2 43. Nc1 Bc4 44. Nge2 gxh5 45. Nb3 Bxb3 46. Bxb3 Na5 47. Bd1 h4 48. Kd2 h3 49.
Ng3 Nc4+ 50. Kc1 Ne3 51. Bh5+ Ke7 52. Kb2 Ng2 53. g6 hxg6 54. Bxg6 Nxf4 0-1

[Event "Late-Titled-Tuesday-Blitz-March-05-2024"]
[Site "Chess.com"]
[Date "2024.03.05"]
[Round "3"]
[White "BebeBonito2022"]
[Black "NtcPou"]
[Result "1-0"]
[WhiteElo "2311"]
[BlackElo "2000"]
[TimeControl "180+1"]
[EndTime "14:28:51 PST"]
[Termination "BebeBonito2022 won by resignation"]

1. d4 d5 2. c4 c6 3. Nc3 Nf6 4. e3 a6 5. Nf3 Bf5 6. cxd5 cxd5 7. Ne5 e6 8. g4 Be4 9. f3 Bg6 10. h4 h5 11. Nxg6 fxg6 12. g5 Nfd7 13. Bd3 Bd6 14.
Bxg6+ Ke7 15. f4 Nc6 16. Bxh5 Rc8 17. Bf3 b5 18. Bd2 Nb6 19. b3 Nb4 20. Be2 Nc6 21. a3 Qf8 22. a4 b4 23. Na2 a5 24. Nc1 Qf5 25. Bd3 Qf7 26. Qg4 Rcf8 27. Ne2 Kd7 28. O-O-O Ne7 29. Kb2 Nf5 30. h5 g6 31. h6 Rh7 32. Rc1 Rc8 33. Bb5+ Kd8 34.
Rxc8+ Nxc8 35. Rc1 Qb7 36. Ng1 Rc7 37. Nf3 Rxc1 38. Bxc1 Na7 39. Bd3 Qc7 40. Bd2 Nc6 41.
Ne5 Nce7 42. h7 Bxe5 43. fxe5 Nxe3 44. h8=Q+ Kd7 45. Qe2 N3f5 46. Bxf5 Nxf5 47. Qb5+ Ke7 48. Qh7+ Kf8 49. Qxc7 1-0

[Event "Late-Titled-Tuesday-Blitz-March-05-2024"]
[Site "Chess.com"]
[Date "2024.03.05"]
[Round "3"]
[White "GMG"]
[Black "FabianoCaruana"]
[Result "1/2-1/2"]
[WhiteElo "2737"]
[BlackElo "3052"]
[TimeControl "180+1"]
[EndTime "14:28:54 PST"]
[Termination "Game drawn by repetition"]

1. Nf3 d5 2. g3 Nf6 3. Bg2 g6 4.
c4 c6 5. b3 Bg7 6. Bb2 O-O 7.
O-O a5 8. Nc3 Ne4 9. d4 Bf5 10.
Nh4 Nxc3 11. Bxc3 Be6 12. cxd5 cxd5 13. Nf3 Nc6 14. Qd2 a4 15. b4 Na7 16. Ne5 Nb5 17.
Rac1 Nd6 18. a3 b5 19. Nd3 Nc4 20. Qa2 Bf5 21. Nc5 Rb8 22. Rcd1 h5 23. h3 e6 24. Rfe1 Rc8 25. Bb2 Qe7 26. Bc1 Rfd8 27. e3 g5 28. f4 gxf4 29. exf4 Qf6 30. Kh2 Qg6 31. Be3 Bc2 32. Rc1 Nxe3 33. Rxe3 Bxd4 34. Re2 Bf5 35. Qd2 Bg7 36. Bf3 d4 37. Rg2 Qh6 38. Be4 Rxc5 39.
bxc5 Bxe4 40. c6 Bxg2 41. c7 Rc8 42. Qxg2 e5 43. Rc6 Qh7 44. Qd5 Qf5 45. Qd8+ Bf8 46. fxe5 h4 47. Qxh4 Qf2+ 48. Kh1 Qf3+ 49. Kh2 d3 50.
Qg5+ Kh7 51. Qh4+ Kg8 52. Qg5+ Kh7 53. Qh4+ Kg7 54. Qg5+ Kh7 1/2-1/2

[Event "Late-Titled-Tuesday-Blitz-March-05-2024"]
[Site "Chess.com"]
[Date "2024.03.05"]
[Round "3"]
[White "Orest_Vovk"]
[Black "cristiano78"]
[Result "0-1"]
[WhiteElo "2508"]
[BlackElo "2295"]
[TimeControl "180+1"]
[EndTime "14:28:54 PST"]
[Termination "cristiano78 won on time"]

1. g4 d5 2. h3 e5 3. Bg2 c6 4.
d4 e4 5. c4 Ne7 6. Nc3 Be6 7.
Qb3 Qb6 8. Bf4 Nd7 9. c5 Qxb3 10. axb3 h5 11. b4 hxg4 12. b5 Ng6 13. Bg3 gxh3 14.
Nxh3 Nf6 15. b4 Be7 16. b6 a6 17. b5 cxb5 18. Nxb5 Kd7 19. Nc7 Rac8 20. Ng5 Rxh1+ 21.
Bxh1 Rh8 22. Kd2 Ne8 23. Ncxe6 fxe6 24. Nf7 Rf8 25. Ne5+ Nxe5 26. Bxe5 Bf6 27. Bxf6 gxf6 28. f3 exf3 29. Bxf3 Kc6 30. e4 Ng7 31. exd5+ exd5 32. Rh1 Nf5 33. Rh7 Nxd4 34. Rc7+ Kb5 35. Bxd5 Rd8 36. Bxb7 Nb3+ 37. Kc3 Nxc5 38. Bg2 Kxb6 39. Rc6+ Kb5 40. Rxf6 Rd3+ 41. Kc2 Re3 42. Bf1+ Kb4 43. Rb6+ Ka5 44. Rc6 Re5 45. Kc3 Rf5 46. Be2 Na4+ 47. Kb3 Nb6 48.
Rh6 Re5 49. Bf1 Rf5 50. Bd3 Rd5 0-1

[Event "Late-Titled-Tuesday-Blitz-March-05-2024"]
[Site "Chess.com"]
[Date "2024.03.05"]
[Round "3"]
[White "Sinquefield"]
[Black "SocoLoco"]
[Result "1-0"]
[WhiteElo "2489"]
[BlackElo "2231"]
[TimeControl "180+1"]
[EndTime "14:28:56 PST"]
[Termination "Sinquefield won on time"]

1. e4 c5 2. Nf3 e6 3. d4 cxd4 4. Nxd4 Nf6 5. Nc3 Nc6 6. g3 d5 7. exd5 exd5 8. Bg2 Be7 9. O-O O-O 10. Re1 Re8 11. h3 h6 12. Be3 a6 13. Qd3 Ne5 14.
Qd1 Nc4 15. b3 Nxe3 16. Rxe3 Bb4 17. Qd3 Rxe3 18. Qxe3 Qc7 19. Nxd5 Nxd5 20. Bxd5 Bxh3 21. c4 Bc5 22. Rd1 Rd8 23. Qf3 Qd7 24. Kh2 Bg4 25.
Qd3 Bxd1 26. Qxd1 b6 27. Qd3 Bxd4 28. Qxd4 Qd6 29. Kg2 Kf8 30. Qd3 g6 31. Qd4 a5 32.
Qh8+ Ke7 33. Qxh6 Qe5 34. Qh4+ g5 35. Qh7 Rxd5 36. cxd5 Qxd5+ 37. Kg1 a4 38. Qc2 axb3 39. axb3 b5 40. Kh2 Ke6 41. Qe2+ Kf6 42. f4 gxf4 43. gxf4 Qf5 44. Kg3 Kg6 45. Qe3 Qb1 46. Qb6+ f6 47. Qxb5 Qc2 48. Qc4 Qd1 49. Qg8+ Kh6 50.
Qh8+ Kg6 51. Qg8+ Kh6 52. Qc4 Qd2 53. Kf3 Qd1+ 54. Ke4 Qe1+ 55. Kf5 1-0

[Event "Late-Titled-Tuesday-Blitz-March-05-2024"]
[Site "Chess.com"]
[Date "2024.03.05"]
[Round "3"]
[White "djano"]
[Black "pr1105"]
[Result "1-0"]
[WhiteElo "2569"]
[BlackElo "2395"]
[TimeControl "180+1"]
[EndTime "14:28:57 PST"]
[Termination "djano won by resignation"]

1. e4 e5 2. Nf3 Nc6 3. Bc4 Nf6 4. d4 exd4 5. Ng5 d5 6. exd5 Qe7+ 7. Kf1 Ne5 8. Qxd4 Nxc4 9. Qxc4 Qc5 10. Qe2+ Be7 11.
Nc3 Nxd5 12. Nge4 Nxc3 13. Nxc3 O-O 14. Be3 Qc6 15. Bd4 Re8 16. Qb5 Bd7 17. Qxc6 Bxc6 18. f3 Rad8 19. Rd1 Rd7 20. Be3 Bf6 21. Rxd7 Bxd7 22. Kf2 Be6 23. Nb5 c6 24. Nc7 Rd8 25. Nxe6 fxe6 26. c3 Kf7 27. Ke2 h5 28. a4 a6 29. a5 Rd5 30. Ra1 g5 31. Ra4 Rb5 32. Ra2 Kg6 33. Kd3 Kf5 34. Kc4 Re5 35. Kd3 Rd5+ 36.
Ke2 Rb5 37. h3 h4 38. Kd3 Rd5+ 39. Kc2 Bd8 40. b4 e5 41. c4 Rd7 42. Ra1 e4 43. Rf1 exf3 44. Rxf3+ Ke4 45. Bc5 Bc7 46. Rf8 Bf4 47.
Re8+ Kf5 48. Kc3 Be5+ 49. Kb3 Rd3+ 50. Kc2 Rd7 51. Be3 Bf4 52. Bc5 Rd2+ 53. Kc3 Rxg2 54.
Re7 Rg3+ 55. Kc2 Rxh3 56. Rxb7 g4 57. Rf7+ Ke4 58. b5 cxb5 59. cxb5 axb5 60. a6 Bb8 61. Rf8 Rh2+ 62. Kb3 Rh3+ 63. Kb4 g3 64. Rxb8 g2 65. Rg8 Rg3 66. Rxg3 hxg3 67. a7 1-0

[Event "Late-Titled-Tuesday-Blitz-March-05-2024"]
[Site "Chess.com"]
[Date "2024.03.05"]
[Round "3"]
[White "dimoni64"]
[Black "Pachonpower"]
[Result "1-0"]
[WhiteElo "1965"]
[BlackElo "2282"]
[TimeControl "180+1"]
[EndTime "14:28:59 PST"]
[Termination "dimoni64 won by resignation"]

1. d4 Nf6 2. c4 e5 3. dxe5 Ng4 4. Bf4 h5 5. Nf3 Bc5 6. e3 Nc6 7. h3 Nh6 8. Nc3 a6 9. Bd3 Nb4 10. Bb1 d6 11. a3 Nc6 12. exd6 cxd6 13. O-O Be6 14. b4 Bb6 15. Bd3 Bc7 16. Nd5 Bxd5 17. cxd5 Ne7 18. e4 f6 19. Rc1 g5 20. Nxg5 fxg5 21. Bxg5 Nf7 22. Bf6 Rh6 23. Bg7 Rg6 24. Bd4 Rh6 25. Qc2 Bb6 26. Qa4+ Kf8 27. Be3 Rf6 28.
Qc2 Ne5 29. Be2 Kg7 30. Bxh5 Bxe3 31. fxe3 Rxf1+ 32. Rxf1 Qd7 33. Qf2 Ng8 34. Qg3+ Kh8 35. Qh4 Qh7 36. g4 Kg7 37. Rf5 Rf8 38. Qg5+ Kh8 39. Rxf8 Qg7 40. Qxg7+ Kxg7 41. Rb8 Nf6 42. Rxb7+ Kh6 43. Bf7 Nxe4 44. Be6 Kg5 45. Ra7 Nf3+ 46. Kg2 Ne5 47. Rxa6 Kh4 48. b5 Nc5 49. Rxd6 Ned3 50. b6 Ne1+ 51. Kf1 Ned3 52. a4 Nb4 53. a5 Nba6 54. Rd8 Nb7 55. Rh8+ Kg3 56. Bc8 Nxa5 57. Bxa6 1-0

[Event "Late-Titled-Tuesday-Blitz-March-05-2024"]
[Site "Chess.com"]
[Date "2024.03.05"]
[Round "3"]
[White "Msb2"]
[Black "lamomiajunior"]
[Result "1-0"]
[WhiteElo "2998"]
[BlackElo "2713"]
[TimeControl "180+1"]
[EndTime "14:29:00 PST"]
[Termination "Msb2 won by resignation"]

1. d4 Nf6 2. c4 e6 3. Nc3 g6 4.
e4 d6 5. Nf3 Bg7 6. Be2 O-O 7.
O-O b6 8. h3 Bb7 9. Qc2 Nbd7 10. Be3 Qe7 11. Rad1 a6 12. Rfe1 e5 13. Nd5 Nxd5 14. cxd5 Rac8 15. b4 h6 16. a3 Kh7 17.
dxe5 Nxe5 18. Nxe5 Bxe5 19. f4 Bf6 20. Bf3 Rfe8 21.
Qf2 Ra8 22. Bd4 Bxd4 23. Qxd4 Qh4 24. Rc1 Re7 25. e5 Rae8 26. Re4 Bc8 27. e6 fxe6 28. f5 Qg5 29. fxg6+ Qxg6 30. dxe6 Qg7 31. Qd3 Kh8 32. Rg4 Qe5 33. Qd2 Bxe6 34. Rg6 Bf5 35. Rxh6+ Bh7 36.
Rh5 Qf6 37. Rf1 Qg7 38. Bg4 Re5 39. Rxe5 Qxe5 40. Rf7 Re7 41. Rf8+ Kg7 42. Rf2 Qe1+ 43. Qxe1 Rxe1+ 44. Kh2 c5 45. Rd2 cxb4 46. axb4 Re4 47. b5 axb5 48. Rxd6 Rb4 49. Rxb6 Rb2 50. Bf3 Bd3 51.
h4 b4 52. Kg3 Rb1 53. Bd5 Bc2 54. Kg4 Rd1 55. Bf3 Rd4+ 56. Kg5 b3 57. h5 Rc4 58. h6+ Kg8 59. Bd5+ 1-0

[Event "Late-Titled-Tuesday-Blitz-March-05-2024"]
[Site "Chess.com"]
[Date "2024.03.05"]
[Round "3"]
[White "TanitoluwaAps116"]
[Black "Practical-Play"]
[Result "1-0"]
[WhiteElo "2831"]
[BlackElo "2565"]
[TimeControl "180+1"]
[EndTime "14:29:03 PST"]
[Termination "TanitoluwaAps116 won by resignation"]

1. e4 c5 2. Nf3 a6 3. c3 e6 4. d4 d5 5. exd5 exd5 6. Bd3 Nf6 7. O-O Be7 8. dxc5 Bxc5 9. Re1+ Be6 10. Be3 Nbd7 11. Nbd2 O-O 12. Bxc5 Nxc5 13. Bc2 Qb6 14. b4 Ncd7 15. Nd4 Bg4 16. N2f3 Rac8 17. Qd2 Qc7 18. Rac1 Rfe8 19. h3 Bh5 20. Nh4 Rxe1+ 21.
Qxe1 Re8 22. Qd2 Ne4 23. Bxe4 Rxe4 24. Nhf5 Bg6 25. Ne3 Qf4 26. Rd1 Nf6 27. Ne2 Qe5 28. Ng3 Rf4 29. Nxd5 Nxd5 30. Qxd5 Qxd5 31. Rxd5 h6 32.
Rd7 Rc4 33. Ne2 b6 34. Rd6 a5 35. Rxb6 Bd3 36. Nc1 Bg6 37. Nb3 a4 38. Nc5 Rxc3 39. Ra6 Rc1+ 40. Kh2 Rc2 41. Rxa4 Rxf2 42. Kg3 Rd2 43.
Ra8+ Kh7 44. a3 h5 45. Kh2 Kh6 46. Re8 Kg5 47. Re3 Ra2 48. Rg3+ Kf4 49. Rb3 Bf5 50.
b5 h4 51. b6 Bc8 52. b7 Bxb7 53.
Rxb7 Rxa3 54. Rxf7+ Kg5 55. Rxg7+ Kf6 56. Rg4 Kf5 57. Ne4 Ra2 58. Rxh4 Ra4 59. Ng3+ 1-0

[Event "Late-Titled-Tuesday-Blitz-March-05-2024"]
[Site "Chess.com"]
[Date "2024.03.05"]
[Round "3"]
[White "VladimirKramnik"]
[Black "Rutricks"]
[Result "1/2-1/2"]
[WhiteElo "2968"]
[BlackElo "2718"]
[TimeControl "180+1"]
[EndTime "14:29:05 PST"]
[Termination "Game drawn - insufficient material"]

1. e4 g6 2. d4 Bg7 3. Nf3 c6 4.
c3 d5 5. Nbd2 dxe4 6. Nxe4 Nf6 7. Nxf6+ exf6 8. Bc4 O-O 9. O-O a5 10. a4 Na6 11. Re1 Nc7 12. h3 Nd5 13. Bd2 Be6 14. Bf1 Re8 15. Qc2 Qd6 16. Bd3 Bf8 17. Re2 Nf4 18. Bxf4 Qxf4 19. Rae1 Bd7 20. Bc4 Rxe2 21.
Rxe2 Re8 22. Rxe8 Bxe8 23. Qe2 Bd7 24. Qe3 Bd6 25. Kf1 Kf8 26. Qxf4 Bxf4 27. Ke2 Bc1 28.
b3 b5 29. axb5 cxb5 30. Bd5 a4 31. Kd1 Bf4 32. Kc2 Ke7 33. Kb2 axb3 34. Kxb3 h5 35. g3 Bd6 36. h4 Be6 37. Bxe6 Kxe6 38. c4 bxc4+ 39. Kxc4 Kf5 40. Nd2 g5 41. Kd5 Bb8 42.
Ne4 gxh4 43. gxh4 Kg4 44. Nxf6+ Kxh4 45. Ke4 Kg5 46. Nd7 f5+ 47. Kf3 Bd6 48. Kg2 Kf4 49.
Nf6 h4 50. Kh3 Kf3 51. Kxh4 Kxf2 52. Kg5 Ke3 53. d5 f4 54. Kf5 f3 55. Ng4+ Ke2 56.
Ke6 Bg3 57. d6 Bxd6 58. Kxd6 f2 59. Nxf2 1/2-1/2

[Event "Late-Titled-Tuesday-Blitz-March-05-2024"]
[Site "Chess.com"]
[Date "2024.03.05"]
[Round "3"]
[White "Abduzhaparov"]
[Black "Ajedrez_con_German"]
[Result "0-1"]
[WhiteElo "2434"]
[BlackElo "2589"]
[TimeControl "180+1"]
[EndTime "14:29:05 PST"]
[Termination "Ajedrez_con_German won by resignation"]

1. Nf3 g6 2. c4 Bg7 3. Nc3 d6 4. e4 c5 5. d4 cxd4 6. Nxd4 Nc6 7. Be3 Nf6 8. Be2 O-O 9. O-O Bd7 10. h3 Nxd4 11. Bxd4 Bc6 12. Qc2 a5 13. Rad1 a4 14.
c5 Qa5 15. cxd6 exd6 16. a3 Rfe8 17. Bd3 Rac8 18. Qd2 Qh5 19. Rfe1 Qa5 20. f4 Qc7 21. Rc1 Qd7 22. Kh2 Ng4+ 23. hxg4 Bxd4 24. Bc4 Bxc3 25. Rxc3 Rxe4 26. Rxe4 Bxe4 27. Qd4 d5 28. Bb5 Qxg4 29. Rxc8+ Qxc8 30. Bxa4 Qg4 31. Qf2 d4 32. Bb5 d3 33.
a4 Qh5+ 34. Kg1 Qd1+ 35. Kh2 d2 36. Be2 Qe1 37. Kg3 d1=Q 38. Bxd1 Qxd1 39. Qa7 Qd3+ 40. Kh2 Qd6 41. Qa8+ Kg7 42. Kg3 Bc6 43. Qa5 Qd5 44.
Qxd5 Bxd5 45. b4 Bb3 46. a5 Bc4 47. Kf2 Kf6 48. Ke3 Kf5 49. Kd4 Bb5 50. Kc5 Bf1 51. Kb6 Bxg2 52. b5 Kxf4 53. a6 bxa6 54. bxa6 h5 55. a7 h4 56. Kc5 h3 57. Kd4 h2 58. a8=Q Bxa8 0-1

[Event "Late-Titled-Tuesday-Blitz-March-05-2024"]
[Site "Chess.com"]
[Date "2024.03.05"]
[Round "3"]
[White "TheBigBoss04"]
[Black "Jesseinkman"]
[Result "1-0"]
[WhiteElo "2687"]
[BlackElo "2483"]
[TimeControl "180+1"]
[EndTime "14:29:06 PST"]
[Termination "TheBigBoss04 won by resignation"]

1. e4 e5 2. Nf3 Nc6 3. c3 Nf6 4. d3 d5 5. Nbd2 Be7 6. Be2 O-O 7. O-O h6 8. Re1 Re8 9. Qc2 a5 10. a4 Bf8 11. Bf1 b6 12. exd5 Nxd5 13. Nc4 f6 14. g3 Ba6 15. Bg2 Qd7 16. Bd2 Rad8 17. Rad1 Bc5 18. Bc1 Nde7 19. Qe2 Qe6 20. Nfd2 Qf7 21.
Ne4 Bxc4 22. dxc4 Qe6 23. Nxc5 bxc5 24. Be3 Kh8 25. Bxc5 Rb8 26. Bd5 Qf5 27. Be4 Qe6 28. Rd2 Red8 29. Red1 Rxd2 30. Rxd2 f5 31. Bd5 Qf6 32.
f3 Rd8 33. Bf2 Qg5 34. Kf1 Qh5 35. Kg2 Qg5 36. h4 Qg6 37. Bxc6 Rxd2 38. Qxd2 Nxc6 39. Qd5 e4 40. Be3 exf3+ 41. Qxf3 Ne5 42. Qd5 Ng4 43. Bd4 Qe8 44. Qf3 Qe6 45. Qa8+ Kh7 46. Qf3 Qe1 47. Qxf5+ Kh8 48. Qxg4 Qd2+ 49. Bf2 Qd3 50.
Qc8+ Kh7 51. Qe6 Kh8 52. Qd5 Qg6 53. Qa8+ Kh7 54. Qf3 c6 55. h5 Qb1 56. g4 Kh8 57. Qf8+ Kh7 58. Qf5+ Qxf5 59. gxf5 1-0

[Event "Late-Titled-Tuesday-Blitz-March-05-2024"]
[Site "Chess.com"]
[Date "2024.03.05"]
[Round "3"]
[White "igorknyazev"]
[Black "Bkmzzzzz"]
[Result "0-1"]
[WhiteElo "2205"]
[BlackElo "2415"]
[TimeControl "180+1"]
[EndTime "14:29:06 PST"]
[Termination "Bkmzzzzz won on time"]

1. e4 d6 2. d4 Nf6 3. Nc3 e5 4.
dxe5 dxe5 5. Bg5 Be6 6. Qxd8+ Kxd8 7. Nf3 Bd6 8. Nd5 Nd7 9. O-O-O h6 10. Nxf6 Nxf6 11.
Bxf6+ gxf6 12. Kb1 Ke7 13. Nh4 Bc5 14. f3 Rad8 15. Bb5 c6 16. Ba4 Rhg8 17. g4 Bf2 18.
Nf5+ Bxf5 19. exf5 h5 20. h3 Be3 21. Rd3 Rxd3 22.
cxd3 Rd8 23. Kc2 Rd4 24. Bb3 Rf4 25. Rf1 a5 26. a3 Bd4 27. Ba2 b5 28. b3 Bc5 29.
Kb2 hxg4 30. hxg4 Rd4 31. Rd1 Rd8 32. Bb1 Rh8 33. a4 b4 34. Bc2 Rh2 35. Rf1 Bd4+ 36.
Kc1 Bc3 37. f4 exf4 38. Kd1 Be5 39. d4 Bxd4 40. Rxf4 Be5 41. Rc4 Kd6 42. Be4 c5 43.
Rc2 Rh4 44. Rd2+ Bd4 45. Bf3 Ke5 46. Kc2 Kf4 47. Bd1 Rh3 48. Re2 Rc3+ 49. Kd2 Be3+ 50.
Ke1 Rc1 51. Rg2 Ke4 52. Ke2 Ra1 53. Bc2+ Kd4 54. g5 Bxg5 55. Rg4+ Kc3 56. Rc4+ Kb2 57. Rxc5 Rc1 0-1

[Event "Late-Titled-Tuesday-Blitz-March-05-2024"]
[Site "Chess.com"]
[Date "2024.03.05"]
[Round "3"]
[White "JiiHart"]
[Black "ThaBarWa"]
[Result "1-0"]
[WhiteElo "2185"]
[BlackElo "2385"]
[TimeControl "180+1"]
[EndTime "14:29:06 PST"]
[Termination "JiiHart won on time"]

1. e4 c5 2. c3 Nf6 3. e5 Nd5 4. d4 e6 5. Nf3 d6 6. Bd3 Nc6 7.
Qe2 cxd4 8. cxd4 Ndb4 9. Bb5 a6 10. Ba4 b5 11. Bb3 dxe5 12. a3 e4 13. Qxe4 Nd5 14. Nc3 Nce7 15. O-O Bb7 16. Bg5 Rb8 17. Nxd5 Bxd5 18.
Bxd5 Qxd5 19. Qf4 Nc6 20. Ne5 Nxe5 21. dxe5 Bc5 22. Rad1 Qb7 23. Qg3 h6 24. Bf4 Qe4 25. Rd2 h5 26. Rfd1 O-O 27. Bh6 Qh7 28. Bg5 Qg6 29.
h4 Bb6 30. Rd7 Rbc8 31. Qf3 Rc4 32. g3 Rc2 33. R1d2 Rxd2 34. Bxd2 Rc8 35. Kg2 Rc2 36.
Bc3 Rxf2+ 37. Qxf2 Bxf2 38. Kxf2 Qf5+ 39. Kg2 Qc2+ 40.
Kf3 Qf5+ 41. Kg2 Kh7 42. Rd6 Qe4+ 43. Kf2 Qf5+ 44. Kg2 Qc2+ 45. Kf3 Kg6 46. Rxa6 Qf5+ 47. Kg2 Qe4+ 48. Kf2 Kf5 49. Rd6 Qc2+ 50. Kf3 Qe4+ 51. Kf2 Kg4 52. Rd4 1-0